 Dungeon Sprint DCSS version 0.17-a0-1646-geb1493d (webtiles) character file.

30934 Kidiri the Imperceptible (level 13, -4/55 HPs)
             Began as a Spriggan Enchanter on Aug 10, 2015.
             Was the Champion of Dithmenos.
             Slain by a spriggan druid
             ... wielding a +0 quarterstaff
              (16 damage)
             ... in the Dungeon (Sprint VII: "The Pits").
             The game lasted 00:35:57 (5521 turns).

Kidiri the Imperceptible (Spriggan Enchanter)       Turns: 5521, Time: 00:35:57

Health: -4/55      AC:  5    Str:  4    XL:     13   Next: 23%
Magic:  9/35       EV: 36    Int: 25    God:    Dithmenos [******]
Gold:   22         SH:  0    Dex: 19    Spells: 6 memorised, 27 levels left

rFire  . . .     SeeInvis +     r - +8 rapier (distort)
rCold  . . .     Clarity  .     y - +2 robe
rNeg   . . .     SustAt   .     (shield restricted)
rPois  .         Gourm    .     (helmet restricted)
rElec  .         Spirit   .     p - +0 cloak {MR+}
rCorr  .         Warding  .     (gloves unavailable)
rMut   +         NoTele   +     (boots unavailable)
MR     +++..                    z - amulet of resist mutation
Stlth  ++++++++++               q - +3 ring of intelligence
                                c - +3 ring of intelligence

@: wreathed by umbra, very quick, extremely resistant to hostile enchantments,
uncannily stealthy
A: unfitting armour, see invisible, herbivore 3, speed 3, slow metabolism 2
a: Shadow Step, Shadow Form, Renounce Religion


You were in the Dungeon.
You worshipped Dithmenos.
Dithmenos was exalted by your worship.
You were not hungry.

You visited 1 branch You collected 22 gold pieces.

Inventory:

Hand weapons
 r - a +8 rapier of distortion (weapon)
Armour
 p - a +0 cloak of magic resistance (worn)
 y - a +2 robe (worn)
Jewellery
 c - a +3 ring of intelligence (left hand)
 k - an uncursed ring of protection from cold
 q - a +3 ring of intelligence (right hand)
 s - an uncursed ring of protection from cold
 z - an amulet of resist mutation (around neck)
Scrolls
 b - a scroll of fear
 h - 3 scrolls of blinking
 m - 3 scrolls of remove curse
 n - 5 scrolls of amnesia
 o - a scroll of summoning
 v - 2 scrolls of recharging
 w - 4 scrolls of identify
Potions
 e - 4 potions of curing
 f - 9 potions of heal wounds
 g - 3 potions of haste
 i - 4 potions of berserk rage
 j - 2 potions of might
 l - 2 potions of invisibility
 t - 2 potions of brilliance
 u - a potion of agility
 x - 2 potions of resistance
Books
 A - Amouheig's Guide on Execration
   (You found it in the Dungeon)

   Spells                             Type                      Level
   a - Corona                         Hexes                        1
   b - Dazzling Spray                 Conjuration/Hexes            3
   c - Tukima's Dance                 Hexes                        3
   d - Silence                        Hexes/Air                    5
   e - Discord                        Hexes                        8
Miscellaneous
 B - a legendary deck of wonders {drawn: 1}
Comestibles
 a - 40 fruits
 d - 11 bread rations
 C - 12 royal jellies


   Skills:
 + Level 12.0 Short Blades
 * Level 20.4 Dodging
 * Level 21.9 Stealth
 * Level 17.5 Spellcasting
 + Level 8.5 Conjurations
 + Level 13.2 Hexes
 + Level 9.6 Ice Magic
 - Level 10.8 Invocations


You had 27 spell levels left.
You knew the following spells:

 Your Spells              Type           Power        Failure   Level  Hunger
a - Corona                Hex            ######.      0%          1    None
b - Ensorcelled Hibernat  Hex/Ice        ######       1%          2    None
c - Confuse               Hex            ######..     1%          3    None
d - Tukima's Dance        Hex            ######..     1%          3    None
e - Dazzling Spray        Conj/Hex       ######..     1%          3    None
f - Discord               Hex            ######....   71%         8    ######.


Dungeon Overview and Level Annotations

Branches:
Dungeon (1/1)

Altars:
Ashenzari
Cheibriados
Dithmenos
Elyvilon
Fedhas
Gozag
Kikubaaqudgha
Makhleb
Nemelex Xobeh
Okawaru
Qazlal
Ru
Sif Muna
Trog
Vehumet
Xom
Yredelemnul
Zin
The Shining One
Beogh
Jiyva
Lugonu


Innate Abilities, Weirdness & Mutations

You are tiny and cannot use many weapons and most armour.
You have supernaturally acute eyesight.
You are a herbivore.
You cover ground extremely quickly.
You need consume almost no food.


Message History

Casting: Dazzling Spray
Confirm with . or Enter, or press ? or * to list all spells.
Aiming: Dazzling Spray
Press: ? - help, Shift-Dir - straight line, f/p - spriggan druid
Aim: a spriggan druid, wielding a quarterstaff and wearing a robe (heavily wounded, umbra)
The spray of energy hits the spriggan druid.
The spriggan druid is heavily wounded.
The spriggan druid is dazzled.
Items here: ( )) [ an uncursed long sword; an uncursed arbalest; 17 bolts; a chain mail
Things that are here:
a long sword; a scale mail; a buckler The spriggan druid misses you.
You miss the spriggan druid.
The spriggan druid is heavily wounded.
You closely miss the spriggan druid.
The spriggan druid is heavily wounded.
Your shadow closely misses the spriggan druid.
The spriggan druid hits you with a quarterstaff!
You die...

###..##..#....#..#
#.#..##..........+
.##..##..........+
#)#..####++####++#
.##..####++####++################
#.#..##......##..)........)......
###..##.#+##.##.......i...(......
.....##.#..+.##.i##############'[
.....##.+)=#.##)@#))+)†)+))#.....
#######.#.%+.##.)#))#...#))#...).
#######.+.}#.##.)####...#######.(
.##..##.##+#.##..#.......).#.....
.##..##......##.(#...............
.++..##########..#.........#)....
.++..##########..##+###+##.####..
.##......)%......#))))#))#.#((###
.##..............#))))#<<#)+((#


You could see a spriggan druid (blind).

Vanquished Creatures
  A ghost moth (D)
  An orc warlord (D)
  A green draconian (D)
  A minotaur (D)
  2 vault guards (D)
  A yaktaur captain (D)
  A naga warrior (D)
  A hydra (D)
  A catoblepas (D)
  A death knight (D)
  An alligator snapping turtle (D)
  A vampire mage (D)
  A shadow wraith (D)
  2 deep elf knights (D)
  A spriggan druid (D)
  A sea snake (D)
  2 swamp dragons (D)
  8 orc knights (D)
  An orb spider (shapeshifter) (D)
  A phantasmal warrior (D)
  A flayed ghost (D)
  3 lindwurms (D)
  A hill giant (D)
  An orange demon (D)
  A rust devil (D)
  A komodo dragon (D)
  A blue devil (D)
  3 efreet (D)
  A demonic crawler (D)
  2 guardian mummies (D)
  2 red devils (D)
  A wind drake (D)
  A giant leech (D)
  3 slime creatures (D)
  A two-headed ogre (D)
  8 blink frogs (D)
  2 boulder beetles (D)
  A wyvern (D)
  3 redbacks (D)
  2 trapdoor spiders (D)
  A vampire (D)
  3 deep elf magi (D)
  A fire bat (D)
  2 deep elf fighters (D)
  A basilisk (D)
  A steam dragon (D)
  An air elemental (D)
  2 hippogriffs (D)
  A mottled dragon (D)
  A small abomination (D)
  A necrophage (D)
  A swamp drake (D)
  An orc warrior (D)
  2 crocodiles (D)
  6 centaurs (D)
  2 brain worms (D)
  A gnoll sergeant (D)
  2 crimson imps (D)
  A jelly (D)
  A quasit (D)
  2 hounds (D)
  A worker ant (D)
  A mummy (D)
  12 gnolls (D)
  A river rat (D)
  An ufetubus (D)
  A giant eyeball (D)
  An adder zombie (D)
  4 orcs (D)
  A bat (D)
  A bat skeleton (D)
  A goblin (D)
  A hobgoblin (D)
  9 jackals (D)
  A ball python (D)
  A ball python zombie (D)
  A bat simulacrum (D)
  4 giant geckos (D)
  A quokka zombie (D)
146 creatures vanquished.

Vanquished Creatures (others)
  An ogre mage (D)
  A skeletal warrior (D)
  A wasp (D)
  A gnoll sergeant (D)
  An ufetubus (D)
  A quokka zombie (D)
6 creatures vanquished.

Grand Total: 152 creatures vanquished

Notes
Turn   | Place    | Note
--------------------------------------------------------------
     0 | D        | Kidiri the Spriggan Enchanter began the quest for the Orb.
     0 | D        | Reached XP level 1. HP: 9/9 MP: 5/5
    15 | D        | Reached skill level 5 in Stealth
    15 | D        | Reached XP level 2. HP: 13/13 MP: 5/7
    27 | D        | Found a sacrificial altar of Ru.
    27 | D        | Found a basalt altar of Yredelemnul.
    27 | D        | Found a shadowy altar of Dithmenos.
    27 | D        | Found a deep blue altar of Sif Muna.
    27 | D        | Found a burning altar of Makhleb.
    27 | D        | Found a shimmering altar of Xom.
    27 | D        | Found an ancient bone altar of Kikubaaqudgha.
    27 | D        | Found a sparkling altar of Nemelex Xobeh.
    28 | D        | Found a glowing golden altar of the Shining One.
    28 | D        | Found a bloodstained altar of Trog.
    28 | D        | Found a shattered altar of Ashenzari.
    28 | D        | Found a white marble altar of Elyvilon.
    28 | D        | Found a snail-covered altar of Cheibriados.
    28 | D        | Found a blossoming altar of Fedhas.
    28 | D        | Found a radiant altar of Vehumet.
    28 | D        | Found a glowing silver altar of Zin.
    28 | D        | Found a corrupted altar of Lugonu.
    28 | D        | Found a viscous altar of Jiyva.
    28 | D        | Found a roughly hewn altar of Beogh.
    28 | D        | Found an iron altar of Okawaru.
    34 | D        | Found a stormy altar of Qazlal.
    35 | D        | Found an opulent altar of Gozag.
    41 | D        | Became a worshipper of Dithmenos the Shadowed
    81 | D        | Learned a level 2 spell: Ensorcelled Hibernation
   262 | D        | Noticed a worker ant
   286 | D        | Acquired Dithmenos's first power
   288 | D        | Reached skill level 6 in Stealth
   293 | D        | Killed a worker ant
   293 | D        | Reached skill level 5 in Dodging
   293 | D        | Reached skill level 1 in Invocations
   293 | D        | Reached XP level 3. HP: 11/16 MP: 5/9
   301 | D        | Learned a level 3 spell: Confuse
   305 | D        | Learned a level 3 spell: Tukima's Dance
   538 | D        | Noticed a brain worm
   542 | D        | Killed a brain worm
   542 | D        | Reached skill level 7 in Stealth
   542 | D        | Reached skill level 5 in Spellcasting
   542 | D        | Reached skill level 1 in Ice Magic
   542 | D        | Reached XP level 4. HP: 21/21 MP: 8/12
   559 | D        | Acquired Dithmenos's second power
   584 | D        | Reached skill level 8 in Stealth
   591 | D        | Learned a level 3 spell: Dazzling Spray
   863 | D        | Noticed a brain worm
   863 | D        | Noticed a centaur
   864 | D        | Noticed a crimson imp
   865 | D        | Killed a brain worm
   865 | D        | Reached skill level 5 in Hexes
   865 | D        | Reached XP level 5. HP: 24/24 MP: 12/14
   866 | D        | Noticed a centaur
   867 | D        | Killed a crimson imp
   867 | D        | Reached skill level 9 in Stealth
   867 | D        | Reached skill level 1 in Conjurations
   869 | D        | Killed a centaur
   869 | D        | Acquired Dithmenos's third power
   869 | D        | Reached XP level 6. HP: 28/28 MP: 13/17
   871 | D        | Killed a centaur
   871 | D        | Reached skill level 10 in Stealth
   924 | D        | Noticed a guardian mummy
   926 | D        | Killed a guardian mummy
   926 | D        | Reached skill level 5 in Short Blades
   926 | D        | Reached skill level 10 in Dodging
   926 | D        | Reached skill level 11 in Stealth
   926 | D        | Reached XP level 7. HP: 14/32 MP: 18/20
  1289 | D        | Noticed a centaur
  1291 | D        | Killed a centaur
  1293 | D        | Acquired Dithmenos's fourth power
  1331 | D        | Noticed a crocodile
  1331 | D        | Noticed a shadow wraith
  1333 | D        | Killed a crocodile
  1362 | D        | Killed a shadow wraith
  1362 | D        | Reached skill level 12 in Stealth
  1362 | D        | Reached skill level 10 in Spellcasting
  1362 | D        | Reached skill level 5 in Invocations
  1362 | D        | Reached XP level 8. HP: 3/36 MP: 8/23
  1664 | D        | Noticed a wyvern
  1664 | D        | Noticed a red devil
  1666 | D        | Killed a wyvern
  1666 | D        | Reached skill level 13 in Stealth
  1672 | D        | Killed a red devil
  1715 | D        | Noticed an orange demon
  1715 | D        | Noticed a blink frog
  1715 | D        | Noticed a blink frog
  1716 | D        | Noticed a blink frog
  1717 | D        | Noticed a crimson imp
  1717 | D        | Noticed a blink frog
  1722 | D        | Killed a blink frog
  1748 | D        | Noticed a trapdoor spider
  1749 | D        | Noticed a trapdoor spider
  1752 | D        | Noticed a hound
  1753 | D        | Killed a blink frog
  1753 | D        | Reached skill level 5 in Ice Magic
  1753 | D        | Reached XP level 9. HP: 39/39 MP: 14/24
  1754 | D        | Noticed a hound
  1755 | D        | Killed a hound
  1756 | D        | Noticed a giant leech
  1758 | D        | Killed a hound
  1760 | D        | Killed a blink frog
  1760 | D        | Reached skill level 14 in Stealth
  1767 | D        | Killed a giant leech
  1771 | D        | Killed a blink frog
  1775 | D        | Noticed a mottled dragon
  1789 | D        | Killed a trapdoor spider
  1795 | D        | Killed an orange demon
  1817 | D        | Killed a trapdoor spider
  1817 | D        | Reached skill level 15 in Stealth
  1828 | D        | Noticed a guardian mummy
  1835 | D        | Killed a mottled dragon
  1845 | D        | Killed a guardian mummy
  1862 | D        | Killed a crimson imp
  1975 | D        | Noticed a komodo dragon
  1975 | D        | Noticed a lindwurm
  1976 | D        | Noticed a lindwurm
  1978 | D        | Killed a lindwurm
  1978 | D        | Reached XP level 10. HP: 44/44 MP: 22/27
  1980 | D        | Killed a lindwurm
  1980 | D        | Reached skill level 5 in Conjurations
  1981 | D        | Killed a komodo dragon
  1981 | D        | Reached skill level 16 in Stealth
  2034 | D        | Noticed a boulder beetle
  2036 | D        | Killed a boulder beetle
  2046 | D        | Noticed a steam dragon
  2054 | D        | Killed a steam dragon
  2141 | D        | Noticed a blink frog
  2141 | D        | Noticed a blink frog
  2142 | D        | Noticed a hill giant
  2142 | D        | Noticed a minotaur
  2142 | D        | Noticed a blink frog
  2142 | D        | Noticed a four-headed hydra
  2142 | D        | Noticed a centaur
  2143 | D        | Killed a blink frog
  2143 | D        | Reached skill level 15 in Dodging
  2144 | D        | Noticed a quasit
  2145 | D        | Killed a centaur
  2147 | D        | Killed a four-headed hydra
  2147 | D        | Reached skill level 10 in Hexes
  2150 | D        | Killed a quasit
  2151 | D        | Noticed a blink frog
  2152 | D        | Killed a blink frog
  2154 | D        | Killed a minotaur
  2154 | D        | Reached skill level 17 in Stealth
  2155 | D        | Killed a hill giant
  2156 | D        | Killed a blink frog
  2156 | D        | Reached XP level 11. HP: 47/47 MP: 16/29
  2158 | D        | Killed a blink frog
  2227 | D        | Noticed a blue devil
  2227 | D        | Noticed a jelly
  2227 | D        | Noticed an alligator snapping turtle
  2227 | D        | Noticed a swamp dragon
  2227 | D        | Noticed an efreet
  2227 | D        | Noticed a gnoll sergeant
  2227 | D        | Noticed a red devil
  2228 | D        | Noticed an efreet
  2228 | D        | Noticed a boulder beetle
  2228 | D        | Noticed a fire bat
  2231 | D        | Killed a gnoll sergeant
  2404 | D        | Killed an efreet
  2474 | D        | Killed a blue devil
  2512 | D        | Killed an alligator snapping turtle
  2565 | D        | Killed an efreet
  2620 | D        | Killed a red devil
  2708 | D        | Killed a boulder beetle
  2714 | D        | Killed a jelly
  2721 | D        | Noticed a swamp drake
  2725 | D        | Killed a swamp drake
  2735 | D        | Killed a fire bat
  2738 | D        | Killed a swamp dragon
  2738 | D        | Reached skill level 18 in Stealth
  3013 | D        | Noticed a deep elf fighter
  3013 | D        | Noticed a deep elf mage
  3013 | D        | Noticed a hippogriff
  3013 | D        | Noticed a rust devil
  3015 | D        | Killed a hippogriff
  3016 | D        | Noticed a flayed ghost
  3016 | D        | Noticed a redback
  3017 | D        | Killed a deep elf mage
  3018 | D        | Killed a flayed ghost
  3019 | D        | Killed a redback
  3020 | D        | Noticed a two-headed ogre
  3020 | D        | Noticed a ghost moth
  3020 | D        | Noticed a small abomination
  3021 | D        | Killed a ghost moth
  3021 | D        | Reached skill level 10 in Short Blades
  3022 | D        | Killed a two-headed ogre
  3023 | D        | Killed a deep elf fighter
  3024 | D        | Noticed a deep elf fighter
  3024 | D        | Noticed a deep elf mage
  3024 | D        | Noticed a deep elf mage
  3024 | D        | Noticed a redback
  3025 | D        | Killed a deep elf mage
  3026 | D        | Killed a rust devil
  3026 | D        | Reached skill level 15 in Spellcasting
  3027 | D        | Killed a redback
  3028 | D        | Noticed a vampire mage
  3028 | D        | Noticed a swamp dragon
  3029 | D        | Killed a swamp dragon
  3029 | D        | Reached skill level 19 in Stealth
  3030 | D        | Killed a deep elf mage
  3036 | D        | Noticed a skeletal warrior
  3050 | D        | Noticed a phantasmal warrior
  3052 | D        | Killed a vampire mage
  3054 | D        | Banished a skeletal warrior
  3055 | D        | Noticed a skeletal warrior
  3059 | D        | Killed a deep elf fighter
  3062 | D        | Noticed a skeletal warrior
  3063 | D        | Noticed a skeletal warrior
  3068 | D        | Noticed a redback
  3070 | D        | Killed a small abomination
  3070 | D        | Reached XP level 12. HP: 51/51 MP: 2/32
  3072 | D        | Noticed a frost giant
  3072 | D        | Identified a +4 rod of the swarm (6/11)
  3087 | D        | Killed a wasp
  3094 | D        | Killed a redback
  3348 | D        | Noticed an ogre mage
  3348 | D        | Noticed a wind drake
  3353 | D        | Banished an ogre mage
  3356 | D        | Killed a wind drake
  3386 | D        | Noticed a phantasmal warrior
  3391 | D        | Killed a phantasmal warrior
  3479 | D        | Noticed a hippogriff
  3483 | D        | Killed a hippogriff
  3643 | D        | Noticed an efreet
  3645 | D        | Killed an efreet
  3647 | D        | Noticed a crocodile
  3650 | D        | Killed a crocodile
  3658 | D        | Identified Amouheig's Guide on Execration (You found it in the Dungeon)
  3668 | D        | Learned a level 8 spell: Discord
  3718 | D        | Noticed a green draconian
  3718 | D        | Noticed an iron troll
  3719 | D        | Noticed a vampire
  3719 | D        | Noticed a slime creature
  3719 | D        | Noticed a slime creature
  3719 | D        | Noticed a slime creature
  3721 | D        | Killed a green draconian
  3729 | D        | Killed a slime creature
  3730 | D        | Killed a slime creature
  3735 | D        | Killed a vampire
  3737 | D        | Killed a slime creature
  3737 | D        | Reached skill level 20 in Stealth
  4094 | D        | Noticed a centaur
  4096 | D        | Noticed a necrophage
  4097 | D        | Killed a centaur
  4104 | D        | Killed a necrophage
  4116 | D        | Noticed a centaur
  4116 | D        | Noticed a demonic crawler
  4119 | D        | Killed a demonic crawler
  4120 | D        | Killed a centaur
  4156 | D        | Noticed a lindwurm
  4158 | D        | Noticed an air elemental
  4159 | D        | Killed a lindwurm
  4159 | D        | Reached skill level 10 in Invocations
  4162 | D        | Killed an air elemental
  4175 | D        | Noticed a death knight
  4176 | D        | Noticed a basilisk
  4183 | D        | Killed a basilisk
  4193 | D        | Killed a death knight
  4195 | D        | Noticed a gnoll sergeant
  4197 | D        | Noticed a spriggan druid
  4199 | D        | Noticed an orc warrior
  4199 | D        | Killed a gnoll sergeant
  4203 | D        | Killed a spriggan druid
  4438 | D        | Noticed an orc knight
  4446 | D        | Killed an orc warrior
  4756 | D        | Killed an orc knight
  4815 | D        | Noticed a catoblepas
  4815 | D        | Noticed an orc knight
  4815 | D        | Noticed an orc knight
  4815 | D        | Noticed an orc knight
  4815 | D        | Noticed an orc knight
  4815 | D        | Noticed an orc knight
  4816 | D        | Noticed an orc warlord
  4816 | D        | Noticed an orc warlord
  4816 | D        | Noticed an orb spider
  4816 | D        | Noticed an orc knight
  4816 | D        | Noticed an orc knight
  4817 | D        | Killed a catoblepas
  4818 | D        | Noticed an orc knight
  4819 | D        | Killed an orb spider
  4821 | D        | Killed an orc knight
  4869 | D        | Killed an orc knight
  4929 | D        | Killed an orc knight
  4929 | D        | Reached skill level 21 in Stealth
  4962 | D        | Killed an orc knight
  5037 | D        | Noticed a deep elf knight
  5040 | D        | Noticed a deep elf knight
  5050 | D        | Killed a deep elf knight
  5097 | D        | Killed a deep elf knight
  5388 | D        | Killed an orc warlord
  5388 | D        | Reached XP level 13. HP: 51/55 MP: 12/35
  5399 | D        | Noticed a yaktaur captain
  5400 | D        | Noticed a vault guard
  5401 | D        | Noticed a sea snake
  5404 | D        | Killed a yaktaur captain
  5406 | D        | Noticed a vault guard
  5407 | D        | Killed a vault guard
  5408 | D        | Killed a sea snake
  5410 | D        | Killed a vault guard
  5413 | D        | Killed an orc knight
  5478 | D        | Noticed a naga warrior
  5479 | D        | Noticed a cherub
  5480 | D        | Noticed an orc knight
  5480 | D        | Noticed a spriggan druid
  5480 | D        | Noticed an orc knight
  5480 | D        | Noticed a fire giant
  5480 | D        | Noticed a naga warrior
  5481 | D        | Killed a naga warrior
  5483 | D        | Killed an orc knight
  5485 | D        | Noticed a yaktaur captain
  5521 | D        | Slain by a spriggan druid

Vault maps used:
D:        pitsprint

Action                   |  1- 3 |  4- 6 |  7- 9 | 10-12 | 13-15 || total
-------------------------+-------+-------+-------+-------+-------++-------
Melee: Dagger            |    27 |    34 |    85 |    20 |       ||   166
       Rapier            |       |       |       |   158 |    11 ||   169
 Cast: Ensorcelled Hiber |     8 |     2 |    21 |    56 |     1 ||    88
       Confuse           |       |     2 |     8 |    19 |       ||    29
       Corona            |       |     2 |     1 |     2 |       ||     5
       Dazzling Spray    |       |       |     9 |    37 |     3 ||    49
       Tukima's Dance    |       |       |       |     4 |       ||     4
Invok: Shadow Step       |       |       |     3 |    21 |     4 ||    28
Evoke: Deck              |       |       |       |     1 |       ||     1
  Use: Potion            |     1 |     1 |     5 |     9 |       ||    16
       Scroll            |       |       |       |     7 |       ||     7
 Stab: Sleeping          |     7 |     8 |    14 |    65 |     7 ||   101
       Confused          |       |       |     5 |     4 |       ||     9
       Invisible         |       |       |     1 |     6 |       ||     7
       Distracted        |       |       |       |     1 |     1 ||     2
  Eat: Bread ration      |       |       |     1 |       |       ||     1
